 Dungeon Crawl Stone Soup version 0.26-a0-639-g72c4674329 (webtiles) character file.

Game seed: 15114833826400957486

41 Kaptain the Digger (level 3, -3/25 HPs)
             Began as a Formicid Earth Elementalist on Sept 20, 2020.
             Slain by a worker ant (7 damage)
             ... on level 2 of the Dungeon.
             The game lasted 00:05:07 (1518 turns).

Kaptain the Digger (Formicid Earth Elementalist)    Turns: 1518, Time: 00:05:07

Health: -3/25      AC:  2    Str: 12    XL:     3   Next: 75%
Magic:  2/7        EV: 12    Int: 15    God:
Gold:   62         SH:  0    Dex: 11    Spells: 6/7 levels left

rFire    . . .     SeeInvis +   j - +0 short sword
rCold    . . .     Faith    .   (no shield)
rNeg     . . .     Spirit   .   c - +0 robe
rPois    .         Reflect  .   (helmet unavailable)
rElec    .         Harm     .   (no cloak)
rCorr    .         Rampage  .   (no gloves)
MR       .....                  (no boots)
Stlth    ++........             (no amulet)
HPRegen  0.08/turn              (no ring)
MPRegen  0.10/turn              (no ring)

@: brilliant, lethally poisoned (-3 -> -20), flying
A: permanent stasis, dig shafts and tunnels, four strong arms, antennae 3
a: Dig, Shaft Self


You were on level 2 of the Dungeon.
You visited 1 branch of the dungeon, and saw 2 of its levels.

You collected 62 gold pieces.

Inventory:

Hand Weapons
 a - a +0 mace
 j - a +0 short sword (weapon)
Missiles
 b - 34 stones (quivered)
Armour
 c - a +0 robe (worn)
 h - a cursed +0 chain mail
Potions
 k - a potion of brilliance


   Skills:
 + Level 0.8 Fighting
 + Level 0.7 Armour
 - Level 1.7 Dodging
 + Level 3.0 Stealth
 * Level 2.8 Spellcasting
   Level 1.1 Transmutations
 * Level 4.2 Earth Magic


You had 6 spell levels left.
You knew the following spells:

 Your Spells              Type           Power        Failure   Level
a - Sandblast             Erth           ###...       3%          1

Your spell library contained the following spells:

 Spells                   Type           Power        Failure   Level
 Passwall                 Tmut/Erth      ###.....     11%         2
 Stone Arrow              Conj/Erth      ##....       26%         3
 Petrify                  Tmut/Erth      ###.....     56%         4
 Lee's Rapid Deconstruct  Erth           ###.......   69%         5


Dungeon Overview and Level Annotations

Branches:
Dungeon (2/15)

Altars:


Innate Abilities, Weirdness & Mutations

You cannot be hasted, slowed, berserked, paralysed or teleported.
You can dig through walls and to a lower floor.
Your four strong arms can wield two-handed weapons with a shield.
You have a pair of large antennae on your head. (SInv)


Message History

Aim: a worker ant (almost dead)
You feel a surge of power!
The blast of sand hits the worker ant but does no damage.
The worker ant is almost dead.
b - 35 stones You feel sick.
The worker ant bites you.
Casting: Sandblast (safe; 3% risk of failure)
Confirm with . or Enter, or press ? or * to list all spells.
Aiming: Sandblast (safe; 3% risk of failure)
Press: ? - help, Shift-Dir - straight line, f/p - worker ant
Aim: a worker ant (almost dead)
You feel a surge of power!
The blast of sand hits the worker ant but does no damage.
The worker ant is almost dead.
b - 34 stones
* * * LOW HITPOINT WARNING * * *
You feel sick. The worker ant bites you.
* * * LOW HITPOINT WARNING * * *
The worker ant bites you!
You die...

#.# #.# #†#
##### #.# ....
#.# ... #.#
#.## #.###{..#
######.##a#.#
...........@)#
##.#######.#)#
##.... ####.#
#


You could see a worker ant.

Vanquished Creatures
  2 dart slugs (D:1)
  A leopard gecko (D:1)
  3 giant cockroaches (D:1)
  8 goblins
  3 hobgoblins (D:1)
  6 jackals (D:1)
  A quokka (D:2)
  A bat (D:1)
  4 frilled lizards (D:1)
  A kobold (D:1)
  A rat (D:1)
31 creatures vanquished.

Notes
Turn   | Place    | Note
-------+----------+-------------------------------------------
     0 | D:1      | Kaptain the Formicid Earth Elementalist began the quest for
                  | the Orb.
     0 | D:1      | Reached XP level 1. HP: 13/13 MP: 3/3
   169 | D:1      | Reached XP level 2. HP: 11/19 MP: 0/5
   687 | D:1      | Reached skill level 4 in Earth Magic
   788 | D:1      | Reached XP level 3. HP: 23/25 MP: 1/6
  1518 | D:2      | Slain by a worker ant

Illustrated notes

Levels and vault maps discovered:
D:1:      dpeg_arrival_shelter, layout_basic, kennysheep_doodads
D:2:      layout_loops_ring, overflow_temple_1_default,
          chequers_decorated_corner

Skill      XL: |  1  2  3 |
---------------+----------+-----
Earth Magic    | 4 |  4.2
Stealth        | 3 |  3.0
Fighting       | |  0.8
Armour         | |  0.7
Dodging        | |  1.7
Spellcasting   | |  2.8
Transmutations | |  1.1

Action                   || total
-------------------------++-------
Melee: Unarmed           ||     9
       Mace              ||    21
       Short sword       ||    25
 Cast: Sandblast         ||    36
  Use: Scroll            ||     4
       Potion            ||     4
 Stab: Sleeping          ||     1
Armor: Robe              ||    10
Dodge: Dodged            ||    47

Table legend: (Time is in decaauts)
 A = Elapsed time spent in this place.
 B = Non-inter-level travel time spent in this place.
 C = Inter-level travel time spent in this place.
 D = Time resting spent in this place.
 E = Time spent auto-exploring this place.
 F = Levels seen in this place.
 G = Mean time per level.
                   A        B        C        D        E       F      G
               +--------+--------+--------+--------+--------+-----+--------+
         Total |   1527 |   1516 |     11 |    624 |    573 |   2 |  763.5 |
       Dungeon |   1527 |   1516 |     11 |    624 |    573 |   2 |  763.5 |
               +--------+--------+--------+--------+--------+-----+--------+

Top non-repeatable levels by time:
     D:1: 1396 daAuts
     D:2: 131 daAuts
